 Dungeon Crawl Stone Soup version 0.30-a0-778-g2ef04afb54 (webtiles) character file.

Game seed: 13779453583855735086

117 CowFu the Ruffian (level 5, -1/45 HPs)
             Began as a Ghoul Monk on Feb 16, 2023.
             Slain by an ogre
             ... wielding a +0 giant club
              (33 damage)
             ... on level 4 of the Dungeon.
             The game lasted 00:01:44 (2891 turns).

CowFu the Ruffian (Ghoul Monk)                      Turns: 2891, Time: 00:01:44

Health: -1/45      AC:  5    Str: 17    XL:     5   Next: 1%
Magic:  4/4        EV: 12    Int:  5    God:
Gold:   216        SH:  0    Dex: 11    Spells: 4/4 levels left

rFire   . . .      SeeInvis .    e - +2 mace (heavy)
rCold   + . .      Faith    .    (no shield)
rNeg    + + +      Spirit   .    a - +0 robe
rPois   ∞          Reflect  .    f - +0 helmet
rElec   .          Harm     .    (no cloak)
rCorr   .          Rampage  .    s - +0 pair of gloves
Will    .....                    v - +0 pair of boots
Stlth   ++                       (no amulet)
HPRegen 0.00/turn                (no ring)
MPRegen 0.09/turn                (no ring)

@: inhibited regen
A: claws 1, cold resistance 1, negative energy resistance 3, inhibited
regeneration, torment resistance 2, devour on kill
a: no special abilities


You were on level 4 of the Dungeon.
You visited 1 branch of the dungeon, and saw 4 of its levels.

You collected 216 gold pieces.

Inventory:

Hand Weapons
 e - a +2 heavy mace (weapon)
Armour
 a - a +0 robe (worn)
 f - a +0 helmet (worn)
 s - a +0 pair of gloves (worn)
 v - a +0 pair of boots (worn)
Jewellery
 u - a ring of ice
Wands
 n - a wand of flame (22)
 o - a wand of polymorph (1)
Scrolls
 d - a scroll of torment {unknown}
 g - a scroll of magic mapping {unknown}
 i - a scroll of amnesia {unknown}
 j - 3 scrolls of identify {unknown}
 l - a scroll of poison {unknown}
 q - a scroll of teleportation {unknown}
 t - a scroll of vulnerability {unknown}
Potions
 b - 2 potions of ambrosia
 c - 2 potions of heal wounds {unknown}
 h - 2 potions of curing {unknown}
 k - a potion of lignification {unknown}
 m - a potion of might {unknown}
 p - a potion of attraction {unknown}
 r - 2 potions of degeneration {unknown}


   Skills:
 - Level 3.2 Fighting
 - Level 2.6 Dodging
 - Level 2.1 Stealth
 + Level 6.1 Unarmed Combat


You had 4 spell levels left.
You didn't know any spells.
Your spell library contained the following spells:

 Spells                   Type           Power      Damage    Failure   Level
 Magic Dart               Conj           0%         1d3       47%         1
 Call Imp                 Summ           0%         N/A       63%         2
 Call Canine Familiar     Summ           0%         N/A       85%         3
 Mephitic Cloud           Conj/Pois/Air  0%         N/A       85%         3
 Ozocubu's Armour         Ice            0%         N/A       85%         3
 Portal Projectile        Hex/Tloc       0%         N/A       85%         3
 Leda's Liquefaction      Hex/Erth       0%         N/A       99%         4
 Ozocubu's Refrigeration  Ice            0%         4d7       100%        7


Dungeon Overview and Level Annotations

Branches:
Dungeon (4/15)
 Temple: D:4-7

Altars:
Dithmenos
Ru
Vehumet


Innate Abilities, Weirdness & Mutations

You are immune to poison.
You have sharp fingernails.
Your flesh is cold resistant. (rC+)
You are immune to negative energy. (rN+++)
You do not regenerate when monsters are visible.
You are immune to unholy pain and torment.
You thrive by killing the living.


Message History

You kill the adder!
You have reached level 5!
You feel stronger.
You see here an adder corpse.
Found a stone staircase leading up.
No target in view!
Found a stone staircase leading down.
No target in view!
You pick up a book of the Hunter and begin reading...
You add the spells Call Canine Familiar, Portal Projectile and Leda's Liquefaction to your library.
No target in view!
Found an escape hatch in the ceiling.
No target in view!
Found a stone staircase leading up.
No target in view!
Found 9 stones.
No target in view!
Found an escape hatch in the floor.
No target in view!
There is an escape hatch in the floor here.
A ball python comes into view.
The ball python hisses angrily.
The ball python misses you. x2
A ball python is nearby!
You thump the ball python!
You kill the ball python!
j - 3 scrolls labelled LOUXTE WANT (gained 1)
An ogre comes into view. It is wielding a +0 giant club.
The ogre shouts!
An ogre is nearby!
An ogre is nearby!
You barely miss the ogre. You punch the ogre.
The ogre is lightly wounded.
The ogre hits you with a +0 giant club!
You sock the ogre!
The ogre is severely wounded.
The ogre closely misses you.
The ogre hits you with a +0 giant club!!
Ouch! That really hurt!
You die...

# ## #..####.######.# #.
..#..#.....# #.# ###### ..
...#.#########.#######(....
..#.###.#...................####
...............................>
#.#.##..###########.............
#..#######################.
#................#########.
#....##...@O...............
#####.##..."................
#........########...........
#.##.##..# ......... #.#...#
#........... #.#.#.#
#........... #...#..##
#...........
###.#....#####...........
#.#.......##..........^


You could see an ogre.

Vanquished Creatures
  An iguana (D:4)
  4 adders
  A dart slug (D:2)
  An orc (D:3)
  4 ball pythons
  5 endoplasms
  A giant cockroach (D:1)
  9 goblins
  4 hobgoblins
  3 jackals (D:2)
  A quokka (D:3)
  6 bats
  A frilled lizard (D:2)
  4 kobolds
  4 rats
49 creatures vanquished.

Notes
Turn   | Place    | Note
-------+----------+-------------------------------------------
     0 | D:1      | CowFu the Ghoul Monk began the quest for the Orb.
     0 | D:1      | Reached XP level 1. HP: 19/19 MP: 0/0
    99 | D:1      | Reached XP level 2. HP: 24/26 MP: 1/1
   146 | D:1      | Reached skill level 4 in Unarmed Combat
   339 | D:1      | Found a faded altar of an unknown god.
   945 | D:2      | Reached XP level 3. HP: 24/31 MP: 2/2
   960 | D:2      | Found a radiant altar of Vehumet.
  1302 | D:2      | Reached skill level 5 in Unarmed Combat
  1531 | D:3      | Reached XP level 4. HP: 38/38 MP: 3/3
  1582 | D:3      | Found a sacrificial altar of Ru.
  1930 | D:3      | Found a shadowy altar of Dithmenos.
  2161 | D:3      | Found a radiant altar of Vehumet.
  2573 | D:4      | Reached skill level 6 in Unarmed Combat
  2628 | D:4      | Reached XP level 5. HP: 38/45 MP: 4/4
  2886 | D:4      | Noticed an ogre
  2891 | D:4      | Slain by an ogre

Illustrated notes

Levels and vault maps discovered:
D:1:      minmay_arrival_four_loops, layout_basic,
          ebering_ecumenical_altar_webs, st_stairs_8
D:2:      layout_basic, basic_altar, kennysheep_nondescript
D:3:      layout_loops_ring, lemuel_tele_altar, mainiacjoe_overflow_alcove_2,
          nicolae_dithmenos_through_a_glass_darkly, dreamdust_princess_corridor,
          eino_tiny_chamber
D:4:      layout_basic

Skill      XL: |  1  2  3  4 |
---------------+-------------+-----
Unarmed Combat | 4 5 6 |  6.1
Fighting       | |  3.2
Dodging        | |  2.6
Stealth        | |  2.1

Action                     |  1- 3 |  4- 6 || total
---------------------------+-------+-------++-------
  Melee: Unarmed           |    32 |       ||    32
         Punch             |     1 |     1 ||     2
         Mace              |    43 |    39 ||    82
   Stab: Sleeping          |     5 |     3 ||     8
 Armour: Robe              |    20 |    11 ||    31
  Dodge: Dodged            |    71 |    38 ||   109

Table legend: (Time is in decaauts)
 A = Elapsed time spent in this place.
 B = Non-inter-level travel time spent in this place.
 C = Inter-level travel time spent in this place.
 D = Time resting spent in this place.
 E = Time spent auto-exploring this place.
 F = Levels seen in this place.
 G = Mean time per level.
                   A        B        C        D        E       F      G
               +--------+--------+--------+--------+--------+-----+--------+
         Total |   2976 |   2913 |     63 |      0 |   2468 |   4 |  744.0 |
       Dungeon |   2976 |   2913 |     63 |      0 |   2468 |   4 |  744.0 |
               +--------+--------+--------+--------+--------+-----+--------+

Top non-repeatable levels by time:
     D:3: 891 daAuts
     D:2: 818 daAuts
     D:1: 749 daAuts
     D:4: 516 daAuts
